 Dungeon Crawl Stone Soup version 0.29-a0-393-g47a863cc1b (webtiles) character file.

Game seed: 5665180176982720488

218 lesaewzxc the Shooter (level 5, -3/45 HPs)
             Began as a Minotaur Hunter on May 8, 2022.
             Was a Believer of Zin.
             Succumbed to a scorpion's poison
             ... on level 5 of the Dungeon on May 9, 2022.
             The game lasted 00:16:44 (2522 turns).

lesaewzxc the Shooter (Minotaur Hunter)             Turns: 2522, Time: 00:16:44

Health: -3/45      AC:  7    Str: 14    XL:     5   Next: 63%
Magic:  4/4        EV: 12    Int:  6    God:    Zin [**....]
Gold:   224        SH:  0    Dex: 19    Spells: 4/4 levels left

rFire   + + +      SeeInvis .   a - +1 shortbow
rCold   x . .      Faith    .   (shield currently unavailable)
rNeg    . . .      Spirit   .   o - +1 ring mail of Vasokk {Harm rElec rF++ Str-2 Dex+4}
rPois   .          Reflect  .   (helmet restricted)
rElec   +          Harm     +   (no cloak)
rCorr   .          Rampage  .   (no gloves)
Will    .....                   f - +0 pair of boots
Stlth   ++........              (no amulet)
HPRegen 0.15/turn               e - ring of fire
MPRegen 0.09/turn               (no ring)

@: lethally poisoned (-3 -> -18)
A: horns 2, retaliatory headbutt
a: Renounce Religion, Recite, Vitalisation, Donate Gold


You were on level 5 of the Dungeon.
You worshipped Zin.
Zin was pleased with you.
You visited 1 branch of the dungeon, and saw 5 of its levels.

You collected 534 gold pieces.
You donated 310 gold pieces to Zin.

Inventory:

Hand Weapons
 a - a +1 shortbow (weapon)
Armour
 b - a +0 leather armour
 f - a +0 pair of boots (worn)
 o - the +1 ring mail of Vasokk (worn) {Harm rElec rF++ Str-2 Dex+4}
   (You found it on level 3 of the Dungeon)

   Str:       It affects your strength (-2).
   Dex:       It affects your dexterity (+4).
   rF:        It greatly protects you from fire.
   rElec:     It insulates you from electricity.
   Harm:      It increases damage dealt and taken.
Jewellery
 e - a ring of fire (left hand)
Scrolls
 c - 2 scrolls of immolation
 d - a scroll of identify
 i - a scroll of amnesia
Potions
 h - a potion of curing {unknown}
 j - 2 potions of berserk rage
 k - a potion of degeneration {unknown}
 m - 2 potions of heal wounds {unknown}


   Skills:
 + Level 3.3 Fighting
 * Level 5.3 Bows
 + Level 1.6 Armour
 * Level 3.8 Dodging
 + Level 1.8 Stealth
 + Level 0.8 Hexes
 + Level 1.1 Invocations


You had 4 spell levels left.
You didn't know any spells.
Your spell library contained the following spells:

 Spells                   Type           Power      Damage    Failure   Level
 Tukima's Dance           Hex            1%         N/A       91%         3
 Anguish                  Hex/Necr       0%         N/A       100%        4
 Enfeeble                 Hex            0%         N/A       100%        7


Dungeon Overview and Level Annotations

Branches:
Dungeon (5/15)
 Temple: D:4-7

Altars:
Sif Muna
Vehumet
Zin


Innate Abilities, Weirdness & Mutations

You have a pair of horns on your head.
You reflexively headbutt those who attack you in melee.


Message History

You shoot an arrow. The arrow hits the scorpion.
The scorpion is severely wounded.
You feel very sick. The necrophage closely misses you. You furiously retaliate!
You headbutt the necrophage. The scorpion stings you.
* * * LOW HITPOINT WARNING * * *
The necrophage hits you but does no damage.
Shoot: a) +1 shortbow
Press: ? - help, Shift-Dir - straight line, f/p - scorpion
Aim: a scorpion (severely wounded, 65% to hit)
You shoot an arrow.
The arrow hits the scorpion but does no damage.
The scorpion is severely wounded.
You feel sick.
The scorpion stings you but does no damage.
The necrophage closely misses you. You furiously retaliate!
You headbutt the necrophage. The scorpion stings you.
* * * LOW HITPOINT WARNING * * *
The quokka bites you but does no damage.
Shoot: a) +1 shortbow
Press: ? - help, Shift-Dir - straight line, f/p - scorpion
Aim: a scorpion (severely wounded, 65% to hit)
You shoot an arrow. The arrow closely misses the scorpion.
You feel sick. The scorpion stings you.
* * * LOW HITPOINT WARNING * * *
You are more poisoned.
The scorpion poisons you! The quokka closely misses you.
You furiously retaliate!
You headbutt the quokka!
You kill the quokka!
The necrophage hits you but does no damage.
The scorpion completely misses you. You furiously retaliate!
You headbutt the scorpion.
Unknown command.
Unknown command.
Shoot: a) +1 shortbow
Press: ? - help, Shift-Dir - straight line, f/p - scorpion
Aim: a scorpion (severely wounded, 65% to hit)
You shoot an arrow. The arrow hits the scorpion!
You kill the scorpion!
You die...

...... . .....
.. .#.. ... ...
. ..### .. ...
... .#
.....#n#.###...
.......@......#
>.......!......
#...##..>.....#
8.. #$........
# #.......#.
#..##...# ####
...# .###


You could see a necrophage.

Vanquished Creatures
  A scorpion (D:5)
  Jessica (D:3)
  Natasha (D:3)
  2 orc wizards
  Robin (D:3)
  A gnoll (D:5)
  4 adders
  A worm (D:3)
  6 orcs (D:3)
  4 bats
  4 endoplasms
  3 giant cockroaches
  10 goblins
  6 hobgoblins
  4 kobolds
  2 quokkas
  A ball python (D:1)
  4 frilled lizards
  6 rats
62 creatures vanquished.

Notes
Turn   | Place    | Note
-------+----------+-------------------------------------------
     0 | D:1      | lesaewzxc the Minotaur Hunter began the quest for the Orb.
     0 | D:1      | Reached XP level 1. HP: 18/18 MP: 0/0
   235 | D:1      | Reached skill level 1 in Stealth
   246 | D:1      | Found a faded altar of an unknown god.
   258 | D:1      | Prayed at the altar of an unknown god.
   258 | D:1      | Became a worshipper of Sif Muna the Loreminder
   258 | D:1      | Reached * piety under Sif Muna
   311 | D:1      | Fell from the grace of Sif Muna
   438 | D:1      | Reached XP level 2. HP: 25/25 MP: 1/1
  1313 | D:2      | Found a glowing silver altar of Zin.
  1322 | D:2      | Became a worshipper of Zin the Law-Giver
  1323 | D:2      | Donated 24 gold pieces to Zin
  1388 | D:2      | Reached XP level 3. HP: 30/30 MP: 2/2
  1685 | D:3      | Noticed Natasha
  1698 | D:3      | Killed Natasha
  1699 | D:3      | Reached skill level 1 in Armour
  1699 | D:3      | Reached XP level 4. HP: 23/37 MP: 3/3
  1740 | D:3      | Found a radiant altar of Vehumet.
  1751 | D:3      | Identified the +1 ring mail of Vasokk {Harm rElec rF++
                  | Str-2 Dex+4}
  1791 | D:3      | Donated 20 gold pieces to Zin
  1796 | D:3      | Reached skill level 5 in Bows
  1814 | D:3      | Identified a scroll of acquirement
  1814 | D:3      | Acquired 453 gold pieces
  1819 | D:3      | Reached * piety under Zin
  1819 | D:3      | Reached ** piety under Zin
  1820 | D:3      | Donated 213 gold pieces to Zin
  2081 | D:3      | Noticed Robin
  2087 | D:3      | Killed Robin
  2151 | D:4      | Reached XP level 5. HP: 24/45 MP: 4/4
  2315 | D:3      | Reached skill level 1 in Invocations
  2352 | D:3      | Noticed Jessica
  2357 | D:3      | Killed Jessica
  2437 | D:3      | Upgraded the game from 0.29-a0-392-g297d3b089c to
                  | 0.29-a0-393-g47a863cc1b
  2513 | D:5      | Entered Level 5 of the Dungeon
  2522 | D:5      | Succumbed to a scorpion's poison

Illustrated notes

Levels and vault maps discovered:
D:1:      mainiacjoe_arrival_reflecting_pool, layout_loops_corners,
          ebering_ecumenical_altar_ruins
D:2:      layout_loops_corners, basic_altar
D:3:      wander_river, layout_loops_corners, mainiacjoe_overflow_cross_hatched,
          uniq_jessica, uniq_natasha, uniq_robin
D:4:      layout_loops_corners, nicolae_dithmenos_shadow_blocks,
          minmay_temple_entry_offerings, mrwooster_statue_mirror
D:5:      layout_rooms, kennysheep_mini, serial_corexii_hall,
          chequers_hall_statues_corner_a, corexii_hall_statues_t

Skill      XL: |  1  2  3  4  5 |
---------------+----------------+-----
Stealth        | 1 |  1.8
Dodging        | 3 |  3.8
Armour         | 1 |  1.6
Fighting       | 3 |  3.3
Bows           | 5 |  5.3
Invocations    | 1 |  1.1
Hexes          | |  0.8

Action                   |  1- 3 |  4- 6 || total
-------------------------+-------+-------++-------
Melee: Shortbow          |       |     2 ||     2
 Fire: Shortbow          |    60 |    73 ||   133
Invok: Renounce Religion |     1 |       ||     1
       Donate Gold       |     1 |     2 ||     3
       Recite            |       |     1 ||     1
       Vitalisation      |       |     1 ||     1
  Use: Scroll            |     4 |     4 ||     8
       Potion            |       |     1 ||     1
Armor: Leather armour    |    11 |       ||    11
       Ring mail         |       |    21 ||    21
Dodge: Dodged            |    18 |    33 ||    51

Table legend: (Time is in decaauts)
 A = Elapsed time spent in this place.
 B = Non-inter-level travel time spent in this place.
 C = Inter-level travel time spent in this place.
 D = Time resting spent in this place.
 E = Time spent auto-exploring this place.
 F = Levels seen in this place.
 G = Mean time per level.
                   A        B        C        D        E       F      G
               +--------+--------+--------+--------+--------+-----+--------+
         Total |   2574 |   2574 |      0 |      0 |    754 |   5 |  514.8 |
       Dungeon |   2574 |   2574 |      0 |      0 |    754 |   5 |  514.8 |
               +--------+--------+--------+--------+--------+-----+--------+

Top non-repeatable levels by time:
     D:1: 966 daAuts
     D:3: 838 daAuts
     D:2: 691 daAuts
     D:4: 65 daAuts
     D:5: 11 daAuts
